 Dungeon Crawl Stone Soup version 0.27-a0-54-g64bdb92e38 (webtiles) character file.

Game seed: 1968800522219801941

21 runemasterragnar the Skirmisher (level 2, -2/33 HPs)
             Began as an Ogre Monk on Jan 8, 2021.
             Slain by a leopard gecko (5 damage)
             ... on level 1 of the Dungeon.
             The game lasted 00:00:52 (685 turns).

runemasterragnar the Skirmisher (Ogre Monk)          Turns: 685, Time: 00:00:52

Health: -2/33      AC:  3    Str: 14    XL:     2   Next: 87%
Magic:  2/2        EV: 10    Int: 11    God:
Gold:   77         SH:  0    Dex: 11    Spells: 1/1 levels left

rFire    . . .     SeeInvis .   a - +0 hand axe
rCold    . . .     Faith    .   (no shield)
rNeg     . . .     Spirit   .   b - +0 robe
rPois    .         Reflect  .   (helmet restricted)
rElec    .         Harm     .   (no cloak)
rCorr    .         Rampage  .   (gloves unavailable)
Will     .....                  (boots unavailable)
Stlth    ++........             (no amulet)
HPRegen  0.11/turn              (no ring)
MPRegen  0.08/turn              (no ring)

@: no status effects
A: large, unfitting armour, tough skin 1
a: no special abilities


You were on level 1 of the Dungeon.
You visited 1 branch of the dungeon, and saw 1 of its levels.

You collected 77 gold pieces.

Inventory:

Hand Weapons
 a - a +0 hand axe (weapon)
Missiles
 g - 11 poisoned darts (quivered)
Armour
 b - a +0 robe (worn)
Scrolls
 c - a scroll of teleportation {unknown}
 f - a scroll of immolation {unknown}
Potions
 d - a potion of lignification {unknown}
 e - 2 potions of magic {unknown}


   Skills:
 * Level 4.7 Fighting
 + Level 3.2 Axes
 + Level 0.1 Throwing
 + Level 2.9 Dodging
 - Level 1.4 Stealth


You had one spell level left.
You didn't know any spells.
Your spell library was empty.

Dungeon Overview and Level Annotations

Branches:
Dungeon (1/15)

Altars:


Innate Abilities, Weirdness & Mutations

You are too large for most types of armour.
You have tough skin. (AC +1)


Message History

The leopard gecko is severely wounded.
The leopard gecko barely misses you.
Throw: 13 darts (poison)
Press: ? - help, Q - select action Shift-Dir - straight line, f - leopard gecko
Aim: a leopard gecko (severely wounded)
You throw a poisoned dart.
The poisoned dart hits the leopard gecko.
The leopard gecko is severely wounded.
The leopard gecko bites you.
* * * LOW HITPOINT WARNING * * *
Unknown command.
Throw: 12 darts (poison)
Press: ? - help, Q - select action Shift-Dir - straight line, f/p - leopard gecko
Aim: a leopard gecko (severely wounded)
You throw a poisoned dart.
The poisoned dart hits the leopard gecko.
The leopard gecko is poisoned.
The leopard gecko is severely wounded.
The leopard gecko bites you.
You die...

>.....# ......# ##### ......#
##...# #..........
......####..#.# #..........#
(.....##...##.# #..........#
......##.####.# ..........#
......##.# #.# #........#
......##.####.######......!.##
.........)).....@l.....(...$.#
.#.#...##.###.#####....!....[#
.#...####.# #.# #$.........#
.#.######.# #)# #.....!....#
..........# #.# #..........#
...######## #.# ##........##
.#.## #.#######......## ##..#
#.#..)..#.##(### #...#
###.8.8.#.# .#


You could see a leopard gecko (poisoned).

Vanquished Creatures
  A dart slug (D:1)
  A leopard gecko (D:1)
  2 bats (D:1)
  A hobgoblin (D:1)
  2 jackals (D:1)
  4 kobolds (D:1)
  2 frilled lizards (D:1)
  2 goblins (D:1)
  2 rats (D:1)
17 creatures vanquished.

Notes
Turn   | Place    | Note
-------+----------+-------------------------------------------
     0 | D:1      | runemasterragnar the Ogre Monk began the quest for the Orb.
     0 | D:1      | Reached XP level 1. HP: 24/24 MP: 1/1
   145 | D:1      | Reached XP level 2. HP: 11/33 MP: 2/2
   685 | D:1      | Slain by a leopard gecko

Illustrated notes

Levels and vault maps discovered:
D:1:      ncdulo_halloftheorcs, layout_rooms

Action                   || total
-------------------------++-------
Melee: Hand axe          ||    52
Throw: Dart              ||     6
Armor: Robe              ||    20
Dodge: Dodged            ||    41

Table legend: (Time is in decaauts)
 A = Elapsed time spent in this place.
 B = Non-inter-level travel time spent in this place.
 C = Inter-level travel time spent in this place.
 D = Time resting spent in this place.
 E = Time spent auto-exploring this place.
 F = Levels seen in this place.
 G = Mean time per level.
                   A        B        C        D        E       F      G
               +--------+--------+--------+--------+--------+-----+--------+
         Total |    692 |    692 |      0 |     80 |    466 |   1 |  692.0 |
       Dungeon |    692 |    692 |      0 |     80 |    466 |   1 |  692.0 |
               +--------+--------+--------+--------+--------+-----+--------+

Top non-repeatable levels by time:
     D:1: 692 daAuts
